 Dungeon Crawl Stone Soup version 0.26.1-2-gb8aa6d0 (webtiles) character file.

Game seed: 4704458460629503219

668 AmazingTV the Shield-Bearer (level 7, -5/61 HPs)
             Began as a Minotaur Fighter on Aug 14, 2021.
             Slain by an ice beast (13 damage)
             ... on level 5 of the Dungeon.
             The game lasted 00:10:42 (3613 turns).

AmazingTV the Shield-Bearer (Minotaur Fighter)      Turns: 3613, Time: 00:10:42

Health: -5/61      AC: 11    Str: 19 (20) XL:     7   Next: 32%
Magic:  8/8        EV:  8    Int:  5 (6)  God:
Gold:   200        SH: 10    Dex: 18 (19) Spells: 6/6 levels left

rFire    . . .     SeeInvis .   a - +3 war axe
rCold    . . .     Faith    .   G - +0 kite shield
rNeg     . . .     Spirit   .   p - +0 scale mail
rPois    .         Reflect  .   (helmet restricted)
rElec    .         Harm     .   z - +1 cloak
rCorr    +         Rampage  .   (no gloves)
Will     .....     Clarity  +   (no boots)
Stlth    ++........             v - amulet of inaccuracy (curse)
HPRegen  0.20/turn              f - +6 ring of dexterity
MPRegen  0.11/turn              r - ring of resist corrosion

@: no status effects
A: retaliatory headbutt, horns 2, thin skeletal structure 1, yellow scales 1,
clarity, sturdy frame 1
a: no special abilities


You were on level 5 of the Dungeon.
You visited 1 branch of the dungeon, and saw 5 of its levels.

You collected 200 gold pieces.

Inventory:

Hand Weapons
 a - a +3 war axe (weapon)
 b - a +3 mace of protection
 c - the +5 flail of Lihou {antimagic, rN+ Str-5 Dex+2}
   (You found it on level 4 of the Dungeon)

   It reduces the magical energy of the wielder, and disrupts the spells and
   magical abilities of those hit.
   Natural abilities and divine invocations are not affected.
   It affects your strength (-5).
   It affects your dexterity (+2).
   It protects you from negative energy.
Missiles
 d - 5 poisoned darts
 h - 8 atropa-tipped darts (quivered)
 t - 32 arrows
 A - a throwing net
 C - 5 curare-tipped darts
Armour
 p - a +0 scale mail (worn)
 z - a +1 cloak (worn)
 G - a +0 kite shield (worn)
Jewellery
 f - a +6 ring of dexterity (left hand)
 q - an uncursed ring of fire
 r - a ring of resist corrosion (right hand)
 v - a cursed amulet of inaccuracy (around neck)
 H - an uncursed ring of wizardry {unknown}
Wands
 D - a wand of flame (13)
Scrolls
 e - a scroll of enchant weapon {unknown}
 g - 8 scrolls of teleportation
 j - 2 scrolls of fog {unknown}
 l - 3 scrolls of amnesia {unknown}
 m - 4 scrolls of identify
 o - a scroll of random uselessness {unknown}
 w - a scroll of enchant armour {unknown}
 y - a scroll of blinking {unknown}
 F - 2 scrolls of remove curse {unknown}
Potions
 k - 2 potions of flight
 s - 3 potions of curing


   Skills:
 + Level 5.3 Fighting
 + Level 4.6(5.2) Axes
 + Level 3.5(4.7) Maces & Flails
 + Level 5.2 Armour
 + Level 5.3 Shields
 + Level 2.9 Invocations


You had 6 spell levels left.
You didn't know any spells.
Your spell library contained the following spells:

 Spells                   Type           Power        Failure   Level
 Magic Dart               Conj           0%           98%         1
 Blink                    Tloc           N/A          99%         2
 Call Imp                 Summ           0%           99%         2
 Slow                     Hex            0%           99%         2
 Conjure Flame            Conj/Fire      0%           100%        3
 Mephitic Cloud           Conj/Pois/Air  0%           100%        3


Dungeon Overview and Level Annotations

Branches:
Dungeon (5/15)             Temple (0/1) D:5

Altars:
Nemelex Xobeh


Innate Abilities, Weirdness & Mutations

You reflexively headbutt those who attack you in melee.
You have a pair of horns on your head.
You have a somewhat thin skeletal structure. (Dex +2, Stealth)
You are partially covered in yellow scales. (AC +2)
You possess an exceptional clarity of mind.
Your movements are slightly less encumbered by armour. (ER -2)


Message History

The ice beast barely misses you.
You miss the ice beast. Your headbutt misses the ice beast.
The ice beast is heavily wounded.
The ice beast hits you but does no damage.
The ice beast closely misses you.
You closely miss the ice beast.
The ice beast is heavily wounded.
The ice beast hits you but does no damage.
You closely miss the ice beast. Your headbutt misses the ice beast.
The ice beast is heavily wounded.
The ice beast hits you.
* * * LOW HITPOINT WARNING * * *
The ice beast freezes you!
* * * LOW HITPOINT WARNING * * *
You barely miss the ice beast. You headbutt the ice beast.
The ice beast is heavily wounded.
The ice beast barely misses you. The ice beast hits you.
* * * LOW HITPOINT WARNING * * *
The ice beast freezes you!
You die...

##.# #.## #.#
#.# ## ##.#
..###.###..#
.......#...#
#######<..###
......Y@.##
########.#
#.# #.# #.#
#.# ..# ##


You could see an ice beast.

Vanquished Creatures
  2 ice beasts (D:5)
  A water moccasin skeleton (D:4)
  A scorpion (D:4)
  An orc priest (D:3)
  A hound (D:5)
  6 worker ants
  5 adders
  6 gnolls (D:4)
  A shadow imp (D:5)
  5 worms
  2 dart slugs
  A leopard gecko (D:1)
  7 orcs
  2 ball pythons
  7 bats
  2 giant cockroaches
  7 goblins
  3 hobgoblins
  8 kobolds
  A quokka (D:2)
  2 frilled lizards
  A quokka zombie (D:5)
  4 rats
76 creatures vanquished.

Notes
Turn   | Place    | Note
-------+----------+-------------------------------------------
     0 | D:1      | AmazingTV the Minotaur Fighter began the quest for the Orb.
     0 | D:1      | Reached XP level 1. HP: 19/19 MP: 0/0
   201 | D:1      | Reached XP level 2. HP: 27/27 MP: 1/1
   419 | D:1      | Reached skill level 1 in Maces & Flails
   723 | D:2      | Reached skill level 1 in Invocations
   725 | D:2      | Reached XP level 3. HP: 30/33 MP: 2/2
   944 | D:2      | Found a sparkling altar of Nemelex Xobeh.
  1310 | D:3      | Reached XP level 4. HP: 39/40 MP: 3/3
  1891 | D:4      | Reached XP level 5. HP: 27/46 MP: 5/5
  2486 | D:4      | Reached XP level 6. HP: 49/53 MP: 6/6
  2785 | D:4      | Got a faintly glowing flail
  2786 | D:4      | Identified the +5 flail of Lihou {antimagic, rN+ Str-5
                  | Dex+2} (You found it on level 4 of the Dungeon)
  2911 | D:5      | Entered Level 5 of the Dungeon
  2992 | D:5      | Noticed an ice beast
  3001 | D:5      | Reached skill level 5 in Shields
  3009 | D:5      | Killed an ice beast
  3010 | D:5      | Reached skill level 5 in Fighting
  3010 | D:5      | Reached skill level 5 in Armour
  3029 | D:5      | Reached XP level 7. HP: 19/61 MP: 8/8
  3313 | D:5      | Gained mutation: You possess an exceptional clarity of
                  | mind. [potion of mutation]
  3313 | D:5      | Gained mutation: You are partially covered in yellow
                  | scales. (AC +2) [potion of mutation]
  3313 | D:5      | Gained mutation: You have a somewhat thin skeletal
                  | structure. (Dex +2, Stealth) [potion of mutation]
  3313 | D:5      | Gained mutation: Your movements are slightly less
                  | encumbered by armour. (ER -2) [potion of mutation]
  3585 | D:5      | Found a staircase to the Ecumenical Temple.
  3613 | D:5      | Slain by an ice beast

Illustrated notes

Levels and vault maps discovered:
D:1:      matt_arrival_refuge, layout_basic, st_stairs_8
D:2:      layout_rooms, lemuel_crystal_altar
D:3:      layout_basic
D:4:      layout_rooms
D:5:      lemuel_insect_pit, layout_loops_ring, temple_pool_b,
          portal_sewer_entry_d, grunt_ministairs_4, uniq_blork_the_orc

Skill      XL: |  1  2  3  4  5  6 |
---------------+-------------------+-----
Maces & Flails | 1 2 3 |  3.5
Invocations    | 1 2 |  2.9
Shields        | 4 5 |  5.3
Fighting       | 4 5 |  5.3
Axes           | 3 4 |  4.6
Armour         | 4 5 |  5.2

Action                   |  1- 3 |  4- 6 |  7- 9 || total
-------------------------+-------+-------+-------++-------
Melee: War axe           |    91 |    85 |    31 ||   207
       Headbutt          |    20 |    33 |     7 ||    60
       Mace              |       |    32 |       ||    32
Throw: Dart              |       |       |     1 ||     1
  Use: Scroll            |       |     2 |       ||     2
       Potion            |       |     2 |     8 ||    10
Armor: Scale mail        |    53 |    41 |     8 ||   102
Dodge: Dodged            |    24 |    44 |     8 ||    76
Block: Kite shield       |    54 |    70 |    14 ||   138
